 Dungeon Crawl Stone Soup version 0.30.1 (webtiles) character file.

Game seed: 3310448403858657037

6502 safid the Frost Mage (level 11, -1/91 HPs)
             Began as a Merfolk Ice Elementalist on July 10, 2023.
             Was a Follower of Sif Muna.
             Slain by a yak (11 damage)
             ... on level 10 of the Dungeon.
             The game lasted 00:21:08 (10172 turns).

safid the Frost Mage (Merfolk Ice Elementalist)    Turns: 10172, Time: 00:21:09

Health: -1/91      AC: 13    Str:  9    XL:     11   Next: 0%
Magic:  17/23      EV: 14    Int: 14    God:    Sif Muna [*.....]
Gold:   522        SH:  5    Dex: 21    Spells: 20/27 levels left

rFire   . . .        B - +2 whip (venom)
rCold   . . .        (no shield)
rNeg    + . .        c - +0 robe {Will+}
rPois   +            D - +2 helmet
rElec   .            (no cloak)
rCorr   .            (no gloves)
SInv    .            e - +0 pair of boots
Will    +....        F - amulet of reflection
Stlth   ++           r - ring "Luhaneas" {rPois rN+ Int-4 Dex+6}
HPRegen 0.35/turn    (no ring)
MPRegen 0.18/turn

%: reflection
@: ice-armoured, freezing walls
A: (nimble swimmer 2), mertail
a: Renounce Religion, Channel Magic


You were on level 10 of the Dungeon.
You worshipped Sif Muna.
Sif Muna was aware of your devotion.
You visited 2 branches of the dungeon, and saw 11 of its levels.
You also visited: Sewer.

You collected 558 gold pieces.
You spent 36 gold pieces at shops.

Inventory:

Hand Weapons
 y - a +2 whip of electrocution
 B - a +2 whip of venom (weapon)
Missiles
 i - 2 throwing nets
 u - a curare-tipped dart
Armour
 c - a +0 robe of willpower (worn)
 e - a +0 pair of boots (worn)
 D - a +2 helmet (worn)
Jewellery
 r - the ring "Luhaneas" (left hand) {rPois rN+ Int-4 Dex+6}
   (You found it on level 4 of the Dungeon)

   [ring of dexterity]

   Int:       It affects your intelligence (-4).
   Dex:       It affects your dexterity (+6).
   rPois:     It protects you from poison.
   rN:        It protects you from negative energy.
 F - an amulet of reflection (around neck)
Wands
 o - a wand of digging (4)
 A - a wand of paralysis (9)
 E - a wand of flame (12)
Scrolls
 a - a scroll of brand weapon
 f - 2 scrolls of amnesia
 h - 3 scrolls of teleportation
 n - a scroll of blinking
 p - a scroll of enchant weapon
 q - 2 scrolls of enchant armour
 v - 2 scrolls of magic mapping
 C - a scroll of fear {unknown}
Potions
 b - 3 potions of magic
 d - 5 potions of flight
 g - 2 potions of heal wounds
 j - 4 potions of mutation
 k - a potion of ambrosia {unknown}
 l - 4 potions of curing
 m - a potion of attraction {unknown}
 s - a potion of brilliance {unknown}
 t - 3 potions of lignification {unknown}
 w - a potion of might {unknown}
 x - 7 potions of haste {unknown}
 z - a potion of invisibility {unknown}


   Skills:
 + Level 10.2 Fighting
 - Level 4.0 Dodging
 - Level 2.1 Stealth
 + Level 8.8 Spellcasting
 + Level 11.2 Ice Magic


You had 20 spell levels left.
You knew the following spells:

 Your Spells              Type           Power      Damage    Failure   Level
a - Freeze                Ice            100%       1d10      1%          1
b - Frozen Ramparts       Ice            74%        1d12      1%          3
c - Ozocubu's Armour      Ice            37%        N/A       1%          3

Your spell library contained the following spells:

 Spells                   Type           Power      Damage    Failure   Level
 Kiss of Death            Conj/Necr      24%        2d7       12%         1
 Magic Dart               Conj           24%        1d4       12%         1
 Sandblast                Erth           12%        2d6       12%         1
 Sting                    Tmut/Pois      24%        1d4       12%         1
 Summon Ice Beast         Ice/Summ       21%        N/A       12%         4
 Passwall                 Tmut/Erth      5%         N/A       19%         2
 Poisonous Vapours        Pois/Air       12%        N/A       19%         2
 Scorch                   Fire           12%        2d6       19%         2
 Confusing Touch          Hex            6%         N/A       34%         3
 Inner Flame              Hex/Fire       6%         N/A       34%         3
 Stone Arrow              Conj/Erth      12%        3d7       34%         3
 Dispel Undead            Necr           6%         3d8       75%         4
 Olgreb's Toxic Radiance  Pois           6%         N/A       75%         4
 Conjure Ball Lightning   Conj/Air       3%         3x3d6     100%        6
 Plasma Beam              Fire/Air       3%         2x1d14    100%        6
 Starburst                Conj/Fire      3%         6d3       100%        6
 Spellforged Servitor     Conj/Summ      3%         N/A       100%        7
 Discord                  Hex            3%         N/A       100%        8
 Disjunction              Tloc           3%         N/A       100%        8
 Fire Storm               Conj/Fire      3%         8d1       100%        9


Dungeon Overview and Level Annotations

Branches:
Dungeon (10/15)            Temple (1/1) D:6            Lair (0/5) D:8
  Sewer (visited)
    Orc: D:9-12

Altars:
Ashenzari
Cheibriados
Dithmenos
Elyvilon
Fedhas
Gozag
Hepliaklqana
Kikubaaqudgha
Makhleb
Nemelex Xobeh
Okawaru
Qazlal
Ru
Sif Muna
Trog
Uskayaw
Vehumet
Wu Jian
Xom
Yredelemnul
Zin
The Shining One

Shops:
D:9 *

Annotations:
D:5 1 runed translucent door, Crazy Yiuf
D:8 Joseph
D:10 Lodul


Innate Abilities, Weirdness & Mutations

((You are very nimble when in or above water. (Stealth+, EV+, Speed+++)))
Your lower body shifts to a powerful aquatic tail in water.


Message History

You barely miss the orc wizard.
The orc wizard is moderately wounded.
The yak closely misses you. The yak completely misses you.
The orc barely misses you.
The orc wizard gestures wildly while chanting.
The orc wizard flickers and vanishes!
Deactivating autopickup; reactivate with Ctrl-A.
The yak closely misses you.
You closely miss something. You block the yak's attack. The yak gores you.
The orc hits you with a +0 short sword. Something hits you but does no damage.
You block the yak's attack.
Unknown command.
Casting: Ozocubu's Armour (safe; 1% risk of failure)
Confirm with . or Enter, or press ? or * to list all spells.
Casting: Frozen Ramparts (safe; 1% risk of failure)
Press: ? - help, Dir - look around, f - activate A stone staircase leading up, spattered with blood.
The walls around you are covered in ice.
The yak gores you.
The wall freezes the yak.
The yak gores you!
* * * LOW HITPOINT WARNING * * *
The wall freezes the orc!
You kill the orc!
Sif Muna accepts your kill.
The wall freezes something but does no damage.
Something hits you.
* * * LOW HITPOINT WARNING * * *
The wall freezes the yak.
The yak barely misses you.
Unknown command.
Unknown command.
Casting: Frozen Ramparts (safe; 1% risk of failure)
Confirm with . or Enter, or press ? or * to list all spells.
A film of ice covers your body! The yak barely misses you.
The wall freezes the yak.
The yak gores you but does no damage.
The wall freezes the yak!
The yak gores you.
* * * LOW HITPOINT WARNING * * *
The wall freezes something.
Something barely misses you. The yak gores you.
* * * LOW HITPOINT WARNING * * *
The wall freezes the yak!
The yak gores you!
You die...

.. #. #
#.###### .#
#$#..#. .. #
#.....#.#
#.#.......#.#
#...YYY.....#
#..)@#
#....##{# ###
#.# ..# ###


You could see 3 yaks.

Vanquished Creatures
  2 two-headed ogres (D:9)
  Pikel (D:5)
  A troll (D:9)
  Sigmund (D:2)
  3 wyverns (D:8)
  A basilisk (D:8)
  An acid dragon (D:8)
  5 water moccasins
  2 ice beasts
  4 black bears
  2 ogres (D:5)
  4 wolves (D:8)
  5 centaurs
  2 phantoms (D:4)
  3 lemures (D:5)
  2 kobold brigands
  Blork the orc (D:5)
  5 bullfrogs
  3 scorpions
  2 howler monkeys
  4 hounds
  2 jellies
  4 orc priests
  A gnoll bouda (D:8)
  2 sleepcaps
  4 orc wizards
  3 iguanas
  Natasha (twice) (D:3)
  12 gnolls
  15 adders
  A river rat (Sewer)
  3 worms
  2 dart slugs
  20 orcs
  8 ball pythons
  8 endoplasms
  3 giant cockroaches
  3 goblins
  3 hobgoblins
  13 kobolds
  3 quokkas
  4 bats
  6 frilled lizards
  11 rats
187 creatures vanquished.

Notes
Turn   | Place    | Note
-------+----------+-------------------------------------------
     0 | D:1      | safid the Merfolk Ice Elementalist began the quest for the
                  | Orb.
     0 | D:1      | Reached XP level 1. HP: 13/13 MP: 3/3
   365 | D:1      | Reached XP level 2. HP: 20/20 MP: 5/5
   715 | D:2      | Reached skill level 1 in Fighting
   822 | D:2      | Reached XP level 3. HP: 18/26 MP: 2/6
  1160 | D:2      | Noticed Sigmund
  1166 | D:2      | Killed Sigmund
  1167 | D:2      | Reached skill level 5 in Ice Magic
  1167 | D:2      | Reached XP level 4. HP: 33/35 MP: 2/9
  1167 | D:2      | Reached XP level 5. HP: 39/41 MP: 2/10
  1278 | D:2      | Learned a level 3 spell: Frozen Ramparts
  1282 | D:2      | Learned a level 3 spell: Ozocubu's Armour
  1760 | D:3      | Reached XP level 6. HP: 47/47 MP: 6/11
  1996 | D:3      | Noticed Natasha
  2002 | D:3      | Killed Natasha
  2093 | D:3      | Found a faded altar of an unknown god.
  2392 | D:3      | Noticed Natasha
  2419 | D:3      | Killed Natasha
  2567 | D:4      | Identified the ring "Luhaneas" {rPois rN+ Int-4 Dex+6}
  2635 | D:4      | Reached skill level 6 in Ice Magic
  3002 | D:4      | Reached XP level 7. HP: 11/54 MP: 2/13
  3417 | D:4      | Found a hazy altar of Hepliaklqana.
  3497 | D:4      | Found a glowing silver altar of Zin.
  3623 | D:5      | Entered Level 5 of the Dungeon
  3660 | D:5      | Got Asmodeus's Octavo of Incendiary Concussion
  3677 | D:5      | Noticed Blork the orc
  3763 | D:5      | Reached skill level 5 in Fighting
  3781 | D:5      | Noticed Pikel
  3832 | D:5      | Reached skill level 7 in Ice Magic
  3832 | D:5      | Reached XP level 8. HP: 26/62 MP: 2/15
  3939 | D:5      | Found a runed translucent door.
  3940 | D:5      | Noticed Crazy Yiuf
  3980 | D:5      | Found a glowing drain.
  3985 | Sewer    | Entered a sewer
  4082 | Sewer    | Reached skill level 5 in Spellcasting
  4413 | D:5      | Killed Pikel
  4414 | D:5      | Reached skill level 8 in Ice Magic
  4659 | D:5      | Found a burning altar of Makhleb.
  4689 | D:5      | Reached XP level 9. HP: 44/71 MP: 14/18
  4964 | D:5      | Killed Blork the orc
  5023 | D:5      | Found a shimmering blue altar of Sif Muna.
  5136 | D:5      | Found an iron altar of Okawaru.
  5790 | D:6      | Found a staircase to the Ecumenical Temple.
  5945 | Temple   | Entered the Ecumenical Temple
  6168 | D:6      | Reached skill level 9 in Ice Magic
  6294 | D:5      | Became a worshipper of Sif Muna the Loreminder
  6447 | D:6      | Got the Elucidation of Incineration
  7531 | D:8      | Reached XP level 10. HP: 31/82 MP: 7/21
  7610 | D:8      | Reached * piety under Sif Muna
  7899 | D:8      | Reached skill level 10 in Ice Magic
  8138 | D:8      | Found a staircase to the Lair.
  8705 | D:8      | Noticed Joseph
  9047 | D:9      | Noticed a two-headed ogre
  9112 | D:9      | Noticed a two-headed ogre
  9125 | D:9      | Killed a two-headed ogre
  9340 | D:9      | Killed a two-headed ogre
  9341 | D:9      | Reached skill level 10 in Fighting
  9341 | D:9      | Reached skill level 11 in Ice Magic
  9469 | D:9      | Found Ginwag's General Store.
  9477 | D:9      | Bought a scroll of teleportation for 36 gold pieces
  9707 | D:9      | Found a radiant altar of Vehumet.
  9955 | D:9      | Reached XP level 11. HP: 86/91 MP: 23/23
 10131 | D:10     | Entered Level 10 of the Dungeon
 10131 | D:10     | Noticed Lodul
 10172 | D:10     | Slain by a yak

Illustrated notes

Levels and vault maps discovered:
D:1:      ebering_trefoil_twist, layout_loops_ring
D:2:      layout_basic, uniq_sigmund
D:3:      layout_rooms, shapermc_ecumenical_altar_mp_highgroup,
          minmay_checkerbox, uniq_natasha
D:4:      layout_basic, kennysheep_mini_moat,
          mainiacjoe_overflow_six_doors_small
D:5:      layout_basic, tgw_sif, overflow_temple_1_default, marbit_many_paths,
          portal_sewer_entry_e, uniq_pikel, uniq_crazy_yiuf_cottage
D:6:      layout_basic, minmay_temple_entry_glass
D:7:      layout_cave_pools
D:8:      layout_layer_cave, minmay_lair_entry_grove, uniq_joseph
D:9:      layout_roguey, vehumet_altar_wand_db, serial_shops, shop,
          small_statue_intersection
D:10:     layout_basic, enter_bailey_4, uniq_lodul, uniq_sonja
Temple:   nicolae_temple_bog_church

Skill      XL: |  1  2  3  4  5  6  7  8  9 10 |
---------------+-------------------------------+-----
Fighting       | 1 3 4 5 6 8 10 | 10.2
Spellcasting   | 3 4 6 7 8 |  8.8
Ice Magic      | 5 6 7 8 9 11 | 11.2
Dodging        | 3 4 |  4.0
Stealth        | |  2.1

Action                     |  1- 3 |  4- 6 |  7- 9 | 10-12 || total
---------------------------+-------+-------+-------+-------++-------
  Melee: Rapier            |    44 |   113 |    12 |       ||   169
         Punch             |       |     2 |     2 |     1 ||     5
         Scimitar          |       |       |    45 |       ||    45
         Whip              |       |       |   150 |    68 ||   218
         Tailslap          |       |       |     7 |       ||     7
   Cast: Freeze            |    18 |    49 |    47 |    23 ||   137
         Ozocubu's Armour  |       |     9 |    18 |     7 ||    34
         Frozen Ramparts   |       |       |    29 |    11 ||    40
    Use: Potion            |     3 |     1 |     1 |       ||     5
         Scroll            |       |       |    12 |       ||    12
   Stab: Sleeping          |     3 |     5 |     4 |       ||    12
         Distracted        |       |     1 |       |       ||     1
 Armour: Robe              |     6 |    33 |    74 |    29 ||   142
  Dodge: Dodged            |    40 |    85 |   211 |    79 ||   415
  Block: Other             |       |       |       |     9 ||     9
